 Dungeon Crawl Stone Soup version 0.30.0-17-ge0270778cf (webtiles) character file.

Game seed: 12520317085875569490

142 RascalDebosk the Magician (level 5, -3/37 HPs)
             Began as a Djinni Earth Elementalist on May 22, 2023.
             Slain by a cerulean imp
             ... wielding a +1 spear
             ... summoned by Natasha
              (6 damage)
             ... on level 3 of the Dungeon.
             The game lasted 00:12:08 (1163 turns).

RascalDebosk the Magician (DjEE)                    Turns: 1163, Time: 00:12:09

Health: -3/37      AC:  3    Str:  7    XL:     5   Next: 50%
Gold:   96         EV: 12    Int: 19    God:
                   SH:  0    Dex: 13

rFire   + + .        q - +2 short sword (speed)
rCold   x . .        (no shield)
rNeg    . . .        a - +0 robe
rPois   ∞            m - +0 helmet
rElec   .            (no cloak)
rCorr   .            (no gloves)
SInv    .            (boots unavailable)
Will    .....        (no amulet)
Stlth   ++           (no ring)
HPRegen 0.26/turn    (no ring)
MPRegen 0.00/turn

%: infuse magic (-4 HP)
@: flying
A: sickness immunity, fire resistance 2, cold vulnerability 1, float, innate
caster, HP casting, extra vitality 1
a: no special abilities


You were on level 3 of the Dungeon.
You visited 1 branch of the dungeon, and saw 3 of its levels.

You collected 96 gold pieces.

Inventory:

Hand Weapons
 p - a +0 rapier
 q - a +2 short sword of speed (weapon)
Armour
 a - a +0 robe (worn)
 m - a +0 helmet (worn)
 s - a +4 ring mail
Wands
 r - a wand of paralysis (12)
Scrolls
 b - a scroll of poison {unknown}
 c - a scroll of silence {unknown}
 d - a scroll of enchant armour {unknown}
 e - 2 scrolls of fog {unknown}
 f - a scroll of fear {unknown}
 i - 2 scrolls of noise {unknown}
 k - a scroll of blinking {unknown}
 l - a scroll of enchant weapon {unknown}
 n - a scroll of amnesia {unknown}
 o - a scroll of magic mapping {unknown}
Potions
 g - 2 potions of lignification {unknown}
 h - 2 potions of attraction {unknown}
 j - 2 potions of curing {unknown}
 t - a potion of might {unknown}


   Skills:
 * Level 1.2 Fighting
 + Level 0.4 Short Blades
 + Level 0.2 Armour
 - Level 2.1 Dodging
 - Level 1.5 Stealth
 * Level 4.1 Spellcasting
 + Level 0.6 Evocations


You knew the following spells:

 Your Spells              Type           Power      Damage    Failure   Level
a - Sandblast             Erth           38%        2d10      2%          1
b - Passwall              Tmut/Erth      15%        N/A       3%          2
c - Stone Arrow           Conj/Erth      38%        3d9       8%          3
d - Petrify               Tmut/Erth      19%        N/A       24%         4
e - Slow                  Hex            76%        N/A       2%          1
f - Static Discharge      Conj/Air       38%        2-4/arc   3%          2
Your spell library was empty.

Dungeon Overview and Level Annotations

Branches:
Dungeon (3/15)

Altars:

Annotations:
D:3 Grinder, Natasha


Innate Abilities, Weirdness & Mutations

You are immune to sickness and miasma.
You are immune to poison.
Your flesh is very heat resistant. (rF++)
You are vulnerable to cold. (rC-)
You float through the air rather than walking.
You learn spells naturally, not from books.
Your magical power is your life essence.
You have superior vitality. (+4 MHP)


Message History

The cerulean imp disappears in a puff of smoke!
Natasha mumbles some strange words.
Natasha shimmers violently.
Natasha attacks as you move away! Natasha claws you but does no damage.
Natasha stares at you and mumbles some strange words.
The magic dart hits you. Natasha casts a spell at you.
You resist with some effort.
Natasha casts a spell.
The cerulean imp hits you but does no damage.
Natasha casts a spell.
The cerulean imp misses you.
Natasha mumbles some strange words.
Natasha howls an incantation.
Natasha shimmers violently.
The cerulean imp barely misses you. The cerulean imp misses you.
The cerulean imp hits you but does no damage.
Natasha wildly gestures.
Natasha shimmers violently.
The cerulean imp closely misses you.
The cerulean imp hits you but does no damage.
The cerulean imp hits you from afar with a +0 spear.
The cerulean imp hits you but does no damage.
The cerulean imp hits you from afar with a +2 spear.
The cerulean imp misses you.
The cerulean imp hits you from afar with a +0 spear.
Natasha mumbles some strange words.
The cerulean imp hits you from afar with a +2 spear.
You see here a +0 dagger.
You see here 8 stones.
There is a stone staircase leading up here.
The cerulean imp barely misses you.
You fly upwards.
There is a stone staircase leading down here.
You start removing your armour.
You continue taking off your +4 ring mail. x4
You finish taking off your +4 ring mail.
You start putting on your armour.
You continue putting on your +0 robe. x5
You finish putting on your +0 robe.
You fly downwards.
Level annotation: Grinder, Natasha Natasha casts a spell at you.
The magic dart hits you!
Natasha casts a spell.
There is a stone staircase leading up here.
Casting: Petrify (extremely dangerous; 24% risk of failure)
Confirm with . or Enter, or press ? or * to list all spells.
The spell is extremely dangerous to miscast (24% risk of failure)!
Continue anyway?
Aiming: Petrify (extremely dangerous; 24% risk of failure)
Press: ? - help, Shift-Dir - straight line, f - Grinder
Aim: Grinder (chance to affect: 51%) Grinder resists with significant effort.
Casting: Petrify (extremely dangerous; 24% risk of failure)
Confirm with . or Enter, or press ? or * to list all spells.
The spell is extremely dangerous to miscast (24% risk of failure)!
Continue anyway?
Aiming: Petrify (extremely dangerous; 24% risk of failure)
Press: ? - help, Shift-Dir - straight line, f/p - Grinder
Aim: Grinder (chance to affect: 51%) Grinder resists with significant effort.
* * * LOW HITPOINT WARNING * * *
Grinder gestures at you.
You suddenly lose the ability to move!
Grinder gestures at you. You resist with significant effort.
You can move again.
Casting: Petrify (extremely dangerous; 24% risk of failure)
Confirm with . or Enter, or press ? or * to list all spells.
The spell is extremely dangerous to miscast (24% risk of failure)!
Continue anyway?
Aiming: Petrify (extremely dangerous; 24% risk of failure)
Press: ? - help, Shift-Dir - straight line, f/p - Grinder
Aim: Grinder (chance to affect: 51%) Grinder is moving more slowly.
* * * LOW HITPOINT WARNING * * *
Grinder gestures at you. Pain shoots through your body!
* * * LOW HITPOINT WARNING * * *
You hit Grinder. You hit Grinder.
Grinder is lightly wounded.
Natasha claws you.
* * * LOW HITPOINT WARNING * * *
The cerulean imp barely misses you. Grinder gestures at you.
You resist with significant effort.
You hit Grinder.
Grinder is lightly wounded.
Natasha casts a spell.
The cerulean imp barely misses you.
Unknown command.
You hit Grinder but do no damage.
Grinder is lightly wounded.
The cerulean imp hits you from afar with a +0 spear.
* * * LOW HITPOINT WARNING * * *
Grinder says, "Mostly I couldn't keep them alive."
Grinder closely misses you. Natasha casts a spell at you.
The magic dart hits you!
* * * LOW HITPOINT WARNING * * *
The cerulean imp hits you from afar with a +1 spear.
You die...

#. .. # ##. .# ..###.
. #.... .## #..5 ..#
#.####.[# ##..
.......@##.##.#
#.#....5h..##.#
#.###5#####.#
##.###5#####.#
#...##...5.h.#####.#
#...########5......#
#...# #......###.
#####...######.###..#
#...........##5###..#


You could see Grinder (petrifying), Natasha and 3 cerulean imps.

Vanquished Creatures
  Jessica (D:2)
  Ijyb (D:3)
  Natasha (D:3)
  3 adders
  A worm (D:2)
  2 dart slugs (D:1)
  An orc (D:3)
  A ball python (D:2)
  2 bats (D:2)
  7 endoplasms
  2 hobgoblins (D:2)
  4 kobolds
  2 quokkas (D:2)
  3 frilled lizards
  A rat (D:2)
32 creatures vanquished.

Notes
Turn   | Place    | Note
-------+----------+-------------------------------------------
     0 | D:1      | RascalDebosk the Djinni Earth Elementalist began the quest
                  | for the Orb.
     0 | D:1      | RascalDebosk set off with the following spells memorised:
                  | Sandblast, Passwall, Stone Arrow, Petrify.
     0 | D:1      | Reached XP level 1. HP: 15/15 MP: 0/0
    93 | D:1      | Reached XP level 2. HP: 19/21 MP: 0/0
   174 | D:1      | Reached skill level 3 in Spellcasting
   471 | D:2      | Noticed Jessica
   477 | D:2      | Killed Jessica
   478 | D:2      | Reached XP level 3. HP: 23/25 MP: 0/0
   478 | D:2      | Learned a level 1 spell: Slow
   483 | D:2      | Reached XP level 4. HP: 26/31 MP: 0/0
   494 | D:2      | Found a faded altar of an unknown god.
   811 | D:2      | Reached skill level 4 in Spellcasting
   881 | D:3      | Noticed Ijyb
   885 | D:3      | Paralysed by Ijyb for 2 turns
   888 | D:3      | Killed Ijyb
   889 | D:3      | Reached XP level 5. HP: 20/36 MP: 0/0
   889 | D:3      | Learned a level 2 spell: Static Discharge
   970 | D:3      | Noticed Natasha
   977 | D:3      | Killed Natasha
   978 | D:3      | Reached skill level 1 in Fighting
  1080 | D:3      | Noticed Grinder
  1082 | D:3      | Noticed Natasha
  1082 | D:3      | Paralysed by Grinder for 2 turns
  1155 | D:3      | Paralysed by Grinder for 3 turns
  1163 | D:3      | Slain by a cerulean imp

Illustrated notes

Levels and vault maps discovered:
D:1:      roderic_dead_forest, layout_rooms
D:2:      layout_rooms, shapermc_ecumenical_altar_mp_highgroup,
          minmay_pentomino_z2, uniq_jessica
D:3:      layout_loops_cross, uniq_natasha, uniq_grinder, uniq_ijyb

Skill      XL: |  1  2  3  4  5 |
---------------+----------------+-----
Spellcasting   | 3 4 |  4.1
Fighting       | 1 |  1.2
Short Blades   | |  0.4
Armour         | |  0.2
Dodging        | |  2.1
Stealth        | |  1.5
Evocations     | |  0.6

Action                     |  1- 3 |  4- 6 || total
---------------------------+-------+-------++-------
  Melee: Short sword       |       |     4 ||     4
   Cast: Sandblast         |    26 |    22 ||    48
         Slow              |     1 |       ||     1
         Stone Arrow       |       |     4 ||     4
         Petrify           |       |     4 ||     4
         Static Discharge  |       |     2 ||     2
 Armour: Robe              |       |     1 ||     1
         Ring mail         |       |     6 ||     6
  Dodge: Dodged            |     1 |    11 ||    12
